 Dungeon Crawl Stone Soup version 0.31-a0-1603-gbec6b6ccbf (webtiles) character file.

Game seed: 5820518866806432969

126 Xavori the Trooper (level 5, -1/40 HPs)
             Began as a Djinni Chaos Knight on Jan 8, 2024.
             Was a Plaything of Xom.
             Slain by an adder (3 damage)
             ... on level 3 of the Dungeon.
             The game lasted 00:02:11 (11168 turns).

Xavori the Trooper (Djinni Chaos Knight)           Turns: 11168, Time: 00:02:12

Health: -1/40      AC:  5    Str: 14    XL:     5   Next: 32%
Gold:   101        EV: 12    Int: 17    God:    Xom [......] SH:  0 Dex: 12

rFire   + + +        a - +0 falchion (chaos)
rCold   x . .        (no shield)
rNeg    . . .        b - +2 leather armour
rPois   ∞            (no helmet)
rElec   .            (no cloak)
rCorr   .            (no gloves)
SInv    .            (boots unavailable)
Will    .....        (no amulet)
Stlth   +            (no ring)
HPRegen 0.26/turn    (no ring)
MPRegen 0.00/turn

%: infuse magic (-2 HP)
@: flying
A: sickness immunity, fire resistance 3, cold vulnerability 1, float, innate
caster, HP casting, extra vitality 1, clever 1, mutation resistance 1, strong 1,
MP-powered wands
a: Renounce Religion


You were on level 3 of the Dungeon.
You worshipped Xom.
You were a very special plaything of Xom.
You visited 1 branch of the dungeon, and saw 3 of its levels.

You collected 101 gold pieces.

Inventory:

Hand Weapons
 a - a +0 falchion of chaos (weapon)
Armour
 b - a +2 leather armour (worn)
Scrolls
 c - a scroll of butterflies
 e - 3 scrolls of enchant armour {unknown}
 f - 2 scrolls of teleportation {unknown}
 h - a scroll of blinking {unknown}
Potions
 d - 2 potions of curing {unknown}
 g - a potion of brilliance {unknown}
 i - a potion of attraction {unknown}
 j - a potion of might {unknown}
 k - a potion of enlightenment {unknown}


   Skills:
 + Level 3.5 Fighting
 + Level 3.1 Long Blades
 + Level 2.0 Armour
 + Level 2.9 Dodging
 * Level 1.8 Spellcasting
 * Level 1.8 Conjurations
 * Level 1.8 Hexes
   Level 0.0 Charms
 * Level 1.8 Summonings
 * Level 1.8 Necromancy
 * Level 1.8 Translocations
   Level 0.0 Transmutations
 * Level 1.8 Fire Magic
 * Level 1.8 Ice Magic
 * Level 1.8 Air Magic
 * Level 1.8 Earth Magic
 * Level 1.8 Alchemy


You knew the following spells:

 Your Spells              Type           Power      Damage    Failure   Level
a - Shock                 Conj/Air       28%        1d4       12%         1
b - Blink                 Tloc           14%        N/A       17%         2
Your spell library was empty.

Dungeon Overview and Level Annotations

Branches:
Dungeon (3/15)

Altars:
The Shining One

Annotations:
D:3 Natasha


Innate Abilities, Weirdness & Mutations

You are immune to sickness and miasma.
You are immune to poison.
Your flesh is almost immune to the effects of heat. (rF+++)
You are vulnerable to cold. (rC-)
You float through the air rather than walking.
You learn spells naturally, not from books.
Your magical power is your life essence.
You have superior vitality. (+4 MHP)
Your mind is acute. (Int +4, Str/Dex -1)
You are somewhat resistant to further mutation.
Your muscles are strong. (Str +4, Int/Dex -1)
You expend health (3 HP) to strengthen your wands.


Message History

The bat misses you. The adder bites you.
* * * LOW HITPOINT WARNING * * *
Your ribbon worm bites the ribbon worm.
The ribbon worm dies!
You swap places.
The adder attacks as it pursues you! The adder bites you but does no damage.
The cerulean imp attacks as it pursues you!
The cerulean imp barely misses you.
The bat misses your butterfly. x2; The adder misses your butterfly.
Your ribbon worm bites something but does no damage.
Unknown command.
You swap places.
The adder misses you. The cerulean imp misses you. The bat barely misses you.
The adder bites you but does no damage.
Natasha mumbles some strange words.
You swap places.
The bat hits your butterfly.
Your butterfly dies!
Your butterfly disappears in a puff of smoke!
Your ribbon worm bites something.
You feel a bit more experienced.
The cerulean imp shouts! "Hum-dee-hum-dee-hum..."
Your ribbon worm evaporates and reforms as a culicivora!
You are now a very special plaything of Xom.
The cerulean imp attacks as it pursues you!
The cerulean imp hits you from afar with a +2 spear.
* * * LOW HITPOINT WARNING * * *
The cerulean imp hits you from afar with a +2 spear.
* * * LOW HITPOINT WARNING * * *
You see here a bat corpse.
Your culicivora bites the cerulean imp.
The cerulean imp attacks as it pursues you!
The cerulean imp hits you from afar with a +0 spear.
* * * LOW HITPOINT WARNING * * *
The endoplasm attacks as it pursues you!
The endoplasm misses you.
The cerulean imp attacks as it pursues you!
The cerulean imp barely misses you. The adder bites you but does no damage.
Your culicivora barely misses the bat.
The adder attacks as it pursues you! The adder bites you.
You die... "What!?
That's it?"

.....#..........
....#..........
...#.bb....... ..
..#.......... ....
#.#..hJ......
##...#.#.#.######
.........#5#
...#....sb†######
##..##5JS@...####
..b...##.####...$#
...........###.##.#
#..#...............#
.................###
..##..###..#.#...# $
#..##......#
.....##....# ..
.....#


You could see a cerulean imp (summoned), an adder (ally target), an endoplasm, a
bat and a friendly culicivora.

Vanquished Creatures
  A bombardier beetle (D:3)
  An iguana (D:3)
  An adder (D:2)
  An ufetubus (D:3)
  A dart slug (D:1)
  A ribbon worm (D:2)
  3 ball pythons (D:1)
  2 bats
  6 endoplasms
  A giant cockroach (D:1)
  A goblin (D:1)
  7 hobgoblins
  3 jackals (D:1)
  6 kobolds
  2 quokkas
  A frilled lizard (D:1)
  A goblin zombie (D:3)
  A hobgoblin zombie (D:3)
  2 kobold skeletons (D:3)
  2 kobold zombies (D:3)
  An orc zombie (D:3)
45 creatures vanquished.

Vanquished Creatures (collateral kills)
  A ribbon worm (D:3)
  A giant cockroach (D:3)
2 creatures vanquished.

Grand Total: 47 creatures vanquished

Notes
Turn   | Place    | Note
-------+----------+-------------------------------------------
     0 | D:1      | Xavori the Djinni Chaos Knight began the quest for the Orb.
     0 | D:1      | Reached XP level 1. HP: 20/20 MP: 0/0
    99 | D:1      | Reached XP level 2. HP: 24/25 MP: 0/0
   241 | D:1      | XOM: divination: detect items
   284 | D:1      | XOM: silly message
   323 | D:1      | Reached XP level 3. HP: 29/30 MP: 0/0
   323 | D:1      | Learned a level 1 spell: Shock
   328 | D:1      | Reached skill level 1 in Spellcasting
   328 | D:1      | Reached skill level 1 in Conjurations
   328 | D:1      | Reached skill level 1 in Hexes
   328 | D:1      | Reached skill level 1 in Summonings
   328 | D:1      | Reached skill level 1 in Necromancy
   328 | D:1      | Reached skill level 1 in Translocations
   328 | D:1      | Reached skill level 1 in Fire Magic
   328 | D:1      | Reached skill level 1 in Ice Magic
   328 | D:1      | Reached skill level 1 in Air Magic
   328 | D:1      | Reached skill level 1 in Earth Magic
   328 | D:1      | Reached skill level 1 in Alchemy
   610 | D:1      | Found a faded altar of an unknown god.
   919 | D:2      | XOM: silly message
  1159 | D:2      | XOM: 1-stop teleportation journey
  1277 | D:2      | Reached XP level 4. HP: 34/35 MP: 0/0
  1549 | D:1      | XOM: summons 1 hostile demon
  2295 | D:1      | XOM: scenery: summon butterflies
  2436 | D:1      | XOM: god gift: pair of boots {god gift}
  2799 | D:1      | XOM: divination: magic mapping
  3338 | D:1      | XOM: give mutation
  3338 | D:1      | Gained mutation: Your body sometimes deteriorates upon
                  | taking damage. [Xom's mischief]
  3381 | D:1      | XOM: give mutations
  3381 | D:1      | Gained mutation: You do not regenerate when monsters are
                  | visible. [Xom's mischief]
  3381 | D:1      | Lost mutation: You do not regenerate when monsters are
                  | visible. [Xom's mischief]
  3381 | D:1      | Gained mutation: Your mind is acute. (Int +4, Str/Dex -1)
                  | [Xom's mischief]
  3381 | D:1      | Lost mutation: Your body sometimes deteriorates upon taking
                  | damage. [Xom's mischief]
  3679 | D:1      | XOM: god gift: longbow {god gift}
  3792 | D:1      | XOM: god gift: stone
  3932 | D:1      | XOM: god gift: robe {god gift}
  3934 | D:1      | XOM: cloud trail
  3970 | D:1      | XOM: give mutation
  3970 | D:1      | Gained mutation: You have a pair of small antennae on your
                  | head. [Xom's grace]
  6332 | D:1      | XOM: cloud trail
  6513 | D:1      | XOM: cloud trail
  6762 | D:1      | XOM: give mutations
  6762 | D:1      | Gained mutation: Your flesh is almost immune to the effects
                  | of heat. (rF+++) [Xom's grace]
  6762 | D:1      | Gained mutation: You expend health (3 HP) to strengthen
                  | your wands. [Xom's grace]
  6762 | D:1      | Gained mutation: You are somewhat resistant to further
                  | mutation. [Xom's grace]
  7201 | D:1      | XOM: draining
  7688 | D:1      | XOM is BORED!
  8619 | D:1      | XOM: stat loss: -1 Dex (12/13)
  9051 | D:1      | XOM: summons 3 hostile shadow creatures
  9424 | D:1      | XOM: summons 3 hostile demons
  9714 | D:1      | XOM: give mutation
  9714 | D:1      | Gained mutation: Your muscles are strong. (Str +4, Int/Dex
                  | -1) [Xom's grace]
  9886 | D:1      | XOM: god gift: ring mail {god gift}
  9964 | D:1      | XOM: cloud trail
 10208 | D:1      | XOM: divination: detect creatures
 10538 | D:1      | XOM: silly message
 10642 | D:1      | XOM: noise
 10789 | D:1      | XOM: stat loss: -1 Str (13/14)
 10893 | D:1      | XOM: summons 3 hostile demons
 10982 | D:2      | Glimpsed the power of Zot.
 11041 | D:3      | XOM: give mutation
 11041 | D:3      | Lost mutation: You have a pair of small antennae on your
                  | head. [Xom's mischief]
 11049 | D:3      | Found a glowing golden altar of the Shining One.
 11049 | D:3      | XOM: 1-stop teleportation journey
 11067 | D:3      | XOM: polymorph crimson imp -> ufetubus
 11145 | D:3      | XOM: scenery: summon butterflies
 11147 | D:3      | Reached XP level 5. HP: 36/40 MP: 0/0
 11147 | D:3      | Learned a level 2 spell: Blink
 11158 | D:3      | Noticed Natasha
 11166 | D:3      | XOM: polymorph ribbon worm -> culicivora
 11167 | D:3      | HP: 2/40 [cerulean imp/+0 spear[Natasha] (3)]
 11168 | D:3      | Slain by an adder

Illustrated notes

Levels and vault maps discovered:
D:1:      nicolae_arrival_somewhat_less_tricky_arrival, layout_loops_ring,
          nicolae_ecumenical_lake_church
D:2:      layout_loops_cross
D:3:      cheibrodos_old_hovel, layout_rooms, nicolae_tso_besieged_by_evil,
          fedhas_altar_1, mainiacjoe_overflow_brackets,
          nicolae_overflow_ecumenical_swirl, grunt_ministairs_7, uniq_natasha

Skill      XL: |  1  2  3  4 |
---------------+-------------+-----
Spellcasting   | 1 |  1.8
Conjurations   | 1 |  1.8
Hexes          | 1 |  1.8
Summonings     | 1 |  1.8
Necromancy     | 1 |  1.8
Translocations | 1 |  1.8
Fire Magic     | 1 |  1.8
Ice Magic      | 1 |  1.8
Air Magic      | 1 |  1.8
Earth Magic    | 1 |  1.8
Alchemy        | 1 |  1.8
Long Blades    | 3 |  3.1
Armour         | 2 |  2.0
Fighting       | |  3.5
Dodging        | |  2.9

Action                     |  1- 3 |  4- 6 || total
---------------------------+-------+-------++-------
  Melee: Falchion          |    78 |    61 ||   139
         Punch             |     1 |       ||     1
   Stab: Paralysed         |     1 |       ||     1
         Sleeping          |     1 |     1 ||     2
         Petrified         |       |     2 ||     2
         Petrifying        |       |     1 ||     1
 Armour: Leather armour    |    55 |    52 ||   107
  Dodge: Dodged            |    44 |    57 ||   101

Table legend: (Time is in decaauts)
 A = Elapsed time spent in this place.
 B = Non-inter-level travel time spent in this place.
 C = Inter-level travel time spent in this place.
 D = Time resting spent in this place.
 E = Time spent auto-exploring this place.
 F = Levels seen in this place.
 G = Mean time per level.
                   A        B        C        D        E       F      G
               +--------+--------+--------+--------+--------+-----+--------+
         Total |  11192 |  11134 |     58 |   9572 |   1228 |   3 | 3730.7 |
       Dungeon |  11192 |  11134 |     58 |   9572 |   1228 |   3 | 3730.7 |
               +--------+--------+--------+--------+--------+-----+--------+

Top non-repeatable levels by time:
     D:1: 9585 daAuts
     D:2: 1424 daAuts
     D:3: 182 daAuts
